ABL
ESSENDON KNIGHTS @ WESTS TIGERS
06/28/2022
 
TOP OF THE 1ST
Essendon Knights batting - Pitching for Wests Tigers : RHP Matt Bracher
Pitching: RHP Matt Bracher
Batting: LHB Geoff Sandow 0-0: SOLO HOME RUN (Flyball, 89XD, EV 113.8 MPH), Distance : 466 ft
Batting: SHB Claud Gard 0-0: Ball
1-0: Foul Ball, location: 2F
1-1: Ball
2-1: Called Strike
2-2: Ball
3-2: Ground out 4-3 (Groundball, 4, EV 84.4 MPH)
Batting: RHB Colin Matthews 0-0: Called Strike
0-1: Ball
1-1: Foul Ball, location: 3F
1-2: Ball
2-2: Ball
3-2: Foul Ball, location: 2RF
3-2: Foul Ball, location: 7LDF
3-2: Base on Balls
Batting: LHB Tristan Starling 0-0: Ball
1-0: Ball
2-0: Grounds into double play, 5-4-3 (Groundball, 56S, EV 86.3 MPH)
Top of the 1st over - 1 run, 1 hit, 0 errors, 0 left on base; Essendon 1 - Wests 0
BOTTOM OF THE 1ST
Wests Tigers batting - Pitching for Essendon Knights : RHP Bruno Hall
Pitching: RHP Bruno Hall
Batting: RHB Luke Fowke 0-0: Swinging Strike
0-1: Ball
1-1: Ground out 6-3 (Groundball, 6S, EV 73.1 MPH)
Batting: RHB Joel Farrell 0-0: Ball
1-0: Ball
2-0: Foul Ball, location: 2F
2-1: Called Strike
2-2: SINGLE (Groundball, 4MD, EV 95.6 MPH)
Batting: LHB Greyson Leeder 0-0: Foul Ball, location: 23F
0-1: Ball
1-1: Ball
2-1: Swinging Strike
2-2: Strikes out swinging
Batting: LHB Daniel Bryan 0-0: Called Strike
0-1: Called Strike
0-2: Ball
1-2: SINGLE (Line Drive, 7S, EV 86.9 MPH)
Joel Farrell to second
Batting: RHB Joe Minto 0-0: Called Strike
0-1: Ball
1-1: Foul Ball, location: 25FF
1-2: Ball
2-2: Ball
3-2: Strikes out swinging
Bottom of the 1st over - 0 runs, 2 hits, 0 errors, 2 left on base; Essendon 1 - Wests 0
TOP OF THE 2ND
Essendon Knights batting - Pitching for Wests Tigers : RHP Matt Bracher
Batting: RHB Chase Binns 0-0: Ball
1-0: SINGLE (Line Drive, 56D, EV 94.4 MPH)
Batting: RHB Garrick Grendon 0-0: Ball
1-0: Fly out, F7 (Flyball, 7LM, EV 86.3 MPH)
Batting: RHB Jefferson Scoley 0-0: Foul Ball, location: 7LSF
0-1: Called Strike
0-2: SINGLE (Groundball, 34, EV 99.4 MPH)
Chase Binns to second
Runner from 2nd tries for 3rd, SAFE, throw by RF made to third
Batting: LHB Bruno Hall 0-0: Bunted foul
0-1: Sac Bunt to 5S - play at first, batter OUT! 5-3
Jefferson Scoley to second
Batting: RHB Brad Rogerson 0-0: Foul Ball, location: 25F
0-1: Ball
1-1: DOUBLE (Line Drive, 9LS, EV 94.4 MPH)
Chase Binns scores
Jefferson Scoley scores
Batting: LHB Geoff Sandow 0-0: Called Strike
0-1: Ground out U3 (Groundball, 34, EV 107.5 MPH)
Top of the 2nd over - 2 runs, 3 hits, 0 errors, 1 left on base; Essendon 3 - Wests 0
BOTTOM OF THE 2ND
Wests Tigers batting - Pitching for Essendon Knights : RHP Bruno Hall
Batting: LHB Rapata Kaulo 0-0: Called Strike
0-1: Foul Ball, location: 2F
0-2: Ball
1-2: Foul Ball, location: 7LDF
1-2: Ball
2-2: Strikes out swinging
Batting: RHB Shane Esmond 0-0: Called Strike
0-1: Foul Ball, location: 7LSF
0-2: Ground out 5-3 (Groundball, 56S, EV 90.0 MPH)
Batting: RHB Paul Llewellyn 0-0: Fly out, F4 (Popup, 4M, EV 74.4 MPH)
Bottom of the 2nd over - 0 runs, 0 hits, 0 errors, 0 left on base; Essendon 3 - Wests 0
TOP OF THE 3RD
Essendon Knights batting - Pitching for Wests Tigers : RHP Matt Bracher
Batting: SHB Claud Gard 0-0: Foul Ball, location: 23FF
0-1: Ball
1-1: Ground out 5-3 (Groundball, 56, EV 101.9 MPH)
Batting: RHB Colin Matthews 0-0: Ball
1-0: Ball
2-0: Foul Ball, location: 25F
2-1: Foul Ball, location: 2LF
2-2: Strikes out swinging
Batting: LHB Tristan Starling 0-0: Ground out 4-3 (Groundball, 4, EV 81.3 MPH)
Top of the 3rd over - 0 runs, 0 hits, 0 errors, 0 left on base; Essendon 3 - Wests 0
BOTTOM OF THE 3RD
Wests Tigers batting - Pitching for Essendon Knights : RHP Bruno Hall
Batting: SHB Matt Bracher 0-0: Fly out, F9 (Line Drive, 89M, EV 106.9 MPH)
Batting: RHB Luke Fowke 0-0: Called Strike
0-1: Ball
1-1: Foul Ball, location: 23F
1-2: Ball
2-2: Strikes out swinging
Batting: RHB Joel Farrell 0-0: Foul Ball, location: 2F
0-1: Ball
1-1: Fly out, F1 (Line Drive, P, EV 64.4 MPH)
Bottom of the 3rd over - 0 runs, 0 hits, 0 errors, 0 left on base; Essendon 3 - Wests 0
TOP OF THE 4TH
Essendon Knights batting - Pitching for Wests Tigers : RHP Matt Bracher
Batting: RHB Chase Binns 0-0: Ball
1-0: Foul Ball, location: 9LMF
1-1: Ball
2-1: Called Strike
2-2: Strikes out looking
Batting: RHB Garrick Grendon 0-0: Foul Ball, location: 2F
0-1: Foul Ball, location: 2F
0-2: Strikes out looking
Batting: RHB Jefferson Scoley 0-0: Ball
1-0: Ball
2-0: Ball
3-0: Called Strike
3-1: Base on Balls
Batting: LHB Bruno Hall 0-0: Ball
1-0: Ball
2-0: DOUBLE (Flyball, 89XD, EV 103.8 MPH)
Jefferson Scoley to third
Runner from 3rd tries for Home, SAFE, throw by RF to home
Batting: RHB Brad Rogerson 0-0: Ground out 6-3 (Groundball, 6M, EV 108.1 MPH)
Top of the 4th over - 1 run, 1 hit, 0 errors, 1 left on base; Essendon 4 - Wests 0
BOTTOM OF THE 4TH
Wests Tigers batting - Pitching for Essendon Knights : RHP Bruno Hall
Batting: LHB Greyson Leeder 0-0: Ball
1-0: Foul Ball, location: 7LSF
1-1: Fly out, F9 (Flyball, 9, EV 93.1 MPH)
Batting: LHB Daniel Bryan 0-0: Foul Ball, location: 7LSF
0-1: Ball
1-1: Ground out 6-3 (Groundball, 6S, EV 86.3 MPH)
Batting: RHB Joe Minto 0-0: Ball
1-0: Ball
2-0: Foul Ball, location: 23FF
2-1: SINGLE (Groundball, 34D, EV 107.5 MPH)
Batting: LHB Rapata Kaulo 0-0: Ball
1-0: Ball
2-0: Called Strike
2-1: Ball
3-1: Base on Balls
Joe Minto to second
Batting: RHB Shane Esmond 0-0: Foul Ball, location: 2F
0-1: Foul Ball, location: 2F
0-2: Strikes out swinging
Bottom of the 4th over - 0 runs, 1 hit, 0 errors, 2 left on base; Essendon 4 - Wests 0
TOP OF THE 5TH
Essendon Knights batting - Pitching for Wests Tigers : RHP Matt Bracher
Batting: LHB Geoff Sandow 0-0: Called Strike
0-1: Foul Ball, location: 3FF
0-2: Ground out U3 (Groundball, 3L, EV 77.5 MPH)
Batting: SHB Claud Gard 0-0: Called Strike
0-1: Swinging Strike
0-2: Ball
1-2: Foul Ball, location: 2F
1-2: Foul Ball, location: 7LMF
1-2: Foul Ball, location: 7LMF
1-2: Ground out 5-3 (Groundball, 56, EV 79.4 MPH)
Batting: RHB Colin Matthews 0-0: Ball
1-0: Fly out, F4 (Popup, 23, EV 68.1 MPH)
Top of the 5th over - 0 runs, 0 hits, 0 errors, 0 left on base; Essendon 4 - Wests 0
BOTTOM OF THE 5TH
Wests Tigers batting - Pitching for Essendon Knights : RHP Bruno Hall
Batting: RHB Paul Llewellyn 0-0: SINGLE (Line Drive, 9LS, EV 100.6 MPH)
Batting: SHB Matt Bracher 0-0: Sac Bunt to 15S - play at first, batter OUT! 1-3
Paul Llewellyn to second
Batting: RHB Luke Fowke 0-0: Ball
1-0: Called Strike
1-1: Ball
2-1: Ball
3-1: Base on Balls
Batting: RHB Joel Farrell 0-0: Ball
1-0: Swinging Strike
1-1: Foul Ball, location: 3FF
1-2: Ball
2-2: Foul Ball, location: 5FF
2-2: Ball
3-2: Foul Ball, location: 5F
3-2: Foul Ball, location: 3F
3-2: Strikes out swinging
Batting: LHB Greyson Leeder 0-0: Called Strike
0-1: Ball
1-1: Ball
2-1: Called Strike
2-2: Foul Ball, location: 5FF
2-2: Foul Ball, location: 3SF
2-2: Strikes out swinging
Bottom of the 5th over - 0 runs, 1 hit, 0 errors, 2 left on base; Essendon 4 - Wests 0
TOP OF THE 6TH
Essendon Knights batting - Pitching for Wests Tigers : RHP Matt Bracher
Batting: LHB Tristan Starling 0-0: Ball
1-0: Fly out, F9 (Line Drive, 9S, EV 91.3 MPH)
Batting: RHB Chase Binns 0-0: Called Strike
0-1: Foul Ball, location: 5FF
0-2: Foul Ball, location: 9LDF
0-2: Ball
1-2: Ball
2-2: Ground out 5-3 (Groundball, 5L, EV 85.0 MPH)
Batting: RHB Garrick Grendon 0-0: Ball
1-0: Ball
2-0: Called Strike
2-1: Foul Ball, location: 5FF
2-2: Ground out 6-3 (Groundball, 6S, EV 84.4 MPH)
Top of the 6th over - 0 runs, 0 hits, 0 errors, 0 left on base; Essendon 4 - Wests 0
BOTTOM OF THE 6TH
Wests Tigers batting - Pitching for Essendon Knights : RHP Bruno Hall
Batting: LHB Daniel Bryan 0-0: Swinging Strike
0-1: Ball
1-1: Swinging Strike
1-2: SINGLE (Groundball, 34D, EV 104.4 MPH)
Batting: RHB Joe Minto 0-0: Ball
1-0: Swinging Strike
1-1: Ball
2-1: Ball
3-1: Grounds into double play, 5-4-3 (Groundball, 5L, EV 88.1 MPH)
Batting: LHB Rapata Kaulo 0-0: Foul Ball, location: 7LSFF
0-1: Swinging Strike
0-2: Ball
1-2: SINGLE (Line Drive, 78S, EV 96.9 MPH)
Pitching: RHP Doug Shuker
Now at 2B: Chase Binns
Now at 3B: Mark Fairthorne
Batting: RHB Shane Esmond 0-0: Foul Ball, location: 2LF
0-1: Swinging Strike
0-2: Ball
1-2: Strikes out looking and he ARGUES THE CALL AND IS TOSSED!
Bottom of the 6th over - 0 runs, 2 hits, 0 errors, 1 left on base; Essendon 4 - Wests 0
TOP OF THE 7TH
Essendon Knights batting - Pitching for Wests Tigers : RHP Matt Bracher
Now at 2B: Seth Carmichael
Batting: RHB Jefferson Scoley 0-0: Ball
1-0: Called Strike
1-1: Ball
2-1: Foul Ball, location: 9LMF
2-2: Foul Ball, location: 2F
2-2: Ball
3-2: Base on Balls
Batting: RHB Mark Fairthorne 0-0: Ball
1-0: Swinging Strike
1-1: Foul Ball, location: 2F
1-2: Foul Ball, location: 3F
1-2: Foul Ball, location: 2F
1-2: Ball
2-2: Fly out, F7 (Line Drive, 78M, EV 91.9 MPH)
Pitching: RHP David Goddard
Batting: RHB Brad Rogerson 0-0: Swinging Strike
0-1: Swinging Strike
0-2: Ball
1-2: Ball
2-2: Strikes out swinging
Batting: LHB Geoff Sandow 0-0: Ball
1-0: Fly out, F9 (Flyball, 89M, EV 94.4 MPH)
Top of the 7th over - 0 runs, 0 hits, 0 errors, 1 left on base; Essendon 4 - Wests 0
BOTTOM OF THE 7TH
Wests Tigers batting - Pitching for Essendon Knights : RHP Doug Shuker
Batting: RHB Paul Llewellyn 0-0: Ball
1-0: DOUBLE (Flyball, 78XD, EV 108.8 MPH)
Pinch Hitting: LHB Graeme Sayer 0-0: Foul Ball, location: 7LSF
0-1: Ball
1-1: Ground out 6-3 (Groundball, 6S, EV 90.0 MPH)
Batting: RHB Luke Fowke 0-0: Called Strike
0-1: Swinging Strike
0-2: Ball
1-2: Ball
2-2: SINGLE (Groundball, 6MD, EV 100.0 MPH)
Paul Llewellyn to third
Batting: RHB Joel Farrell 0-0: Ball
1-0: SINGLE (Line Drive, 7LS, EV 88.1 MPH)
Paul Llewellyn scores
Luke Fowke to second
Pitching: LHP Kean Glasspool
Batting: LHB Greyson Leeder 0-0: Ball
1-0: Foul Ball, location: 7LDF
1-1: Ball
2-1: SINGLE (Groundball, 4MS, EV 75.0 MPH) (infield hit)
Luke Fowke to third
Joel Farrell to second
Batting: LHB Daniel Bryan 0-0: Called Strike
0-1: Ball
1-1: Foul Ball, location: 23FF
1-2: Fly out, F7 (Flyball, 7, EV 97.5 MPH)
Runner from 3rd tags up, OUT at HOME! 7-2
Bottom of the 7th over - 1 run, 4 hits, 0 errors, 2 left on base; Essendon 4 - Wests 1
TOP OF THE 8TH
Essendon Knights batting - Pitching for Wests Tigers : RHP David Goddard
Pitching: RHP Steve Snijders
Batting: SHB Claud Gard 0-0: Ball
1-0: Ball
2-0: Called Strike
2-1: Foul Ball, location: 23FF
2-2: Strikes out swinging
Batting: RHB Colin Matthews 0-0: Fly out, F8 (Flyball, 8RM, EV 91.9 MPH)
Batting: LHB Tristan Starling 0-0: Ball
1-0: Foul Ball, location: 3F
1-1: Ball
2-1: Foul Ball, location: 2RF
2-2: Ball
3-2: SOLO HOME RUN (Flyball, 89XD, EV 115.0 MPH), Distance : 490 ft
Batting: RHB Chase Binns 0-0: Ball
1-0: Ball
2-0: SINGLE (Line Drive, 56, EV 99.4 MPH)
Pinch Hitting: RHB Ziggy Williams 0-0: Ball
1-0: Foul Ball, location: 2RF
1-1: Called Strike
Chase Binns is caught stealing 2nd base 2-4
Top of the 8th over - 1 run, 2 hits, 0 errors, 0 left on base; Essendon 5 - Wests 1
BOTTOM OF THE 8TH
Wests Tigers batting - Pitching for Essendon Knights : LHP Kean Glasspool
Pitching: RHP Isidoro Bassis
Batting: RHB Joe Minto 0-0: Ball
1-0: Ball
2-0: Called Strike
2-1: Fly out, F4 (Popup, 4D, EV 55.0 MPH)
Batting: LHB Rapata Kaulo 0-0: Called Strike
0-1: Ball
1-1: Ball
2-1: Foul Ball, location: 7LMF
2-2: Ball
3-2: Strikes out swinging
Batting: RHB Seth Carmichael 0-0: Called Strike
0-1: Ball
1-1: Fly out, F7 (Flyball, 7, EV 88.8 MPH)
Bottom of the 8th over - 0 runs, 0 hits, 0 errors, 0 left on base; Essendon 5 - Wests 1
TOP OF THE 9TH
Essendon Knights batting - Pitching for Wests Tigers : RHP Steve Snijders
Pinch Hitting: RHB Leroy Sirett 0-0: Foul Ball, location: 3SF
0-1: DOUBLE (Line Drive, 9LM, EV 106.3 MPH)
Batting: RHB Jefferson Scoley 0-0: Ground out 6-3 (Groundball, 56, EV 80.6 MPH)
Batting: RHB Mark Fairthorne 0-0: Ball
1-0: Ground out 5-3 (Groundball, 56S, EV 66.9 MPH)
Batting: RHB Brad Rogerson 0-0: Ball
1-0: Ball
2-0: Ball
3-0: Called Strike
3-1: Foul Ball, location: 3SF
3-2: Base on Balls
Batting: LHB Geoff Sandow 0-0: Ball
1-0: Ball
2-0: Swinging Strike
2-1: Foul Ball, location: 2F
2-2: Ground out 4-3 (Groundball, 4, EV 76.9 MPH)
Top of the 9th over - 0 runs, 1 hit, 0 errors, 2 left on base; Essendon 5 - Wests 1
BOTTOM OF THE 9TH
Wests Tigers batting - Pitching for Essendon Knights : RHP Isidoro Bassis
Pitching: RHP Matthew Westaway
Batting: RHB Paul Llewellyn 0-0: Called Strike
0-1: Ball
1-1: Fly out, F4 (Line Drive, 4, EV 73.8 MPH)
Pinch Hitting: LHB Jim Heaver 0-0: SINGLE (Line Drive, 9LS, EV 99.4 MPH)
Batting: RHB Luke Fowke 0-0: Ball
1-0: Ball
2-0: SINGLE (Line Drive, 7S, EV 94.4 MPH)
Jim Heaver to second
Pitching: RHP Phil Coupland
Batting: RHB Joel Farrell 0-0: Ball
1-0: Fly out, F7 (Line Drive, 78M, EV 110.0 MPH)
Batting: LHB Greyson Leeder 0-0: Ball
1-0: Ball
2-0: Foul Ball, location: 2RF
2-1: Called Strike
2-2: Foul Ball, location: 2F
2-2: Ball
3-2: Ground out 4-3 (Groundball, 4, EV 93.1 MPH)
Bottom of the 9th over - 0 runs, 2 hits, 0 errors, 2 left on base; Essendon 5 - Wests 1
Tuesday, April 30th , 2024 - OOTP Baseball 24.9 Build 80